 Dungeon Crawl Stone Soup version 0.25.1-2-g60ff931df9 (webtiles) character file.

Game seed: 16730056803234852366

1738 Curus the Carver (level 8, -11/96 HPs)
             Began as a Minotaur Abyssal Knight on Sept 1, 2020.
             Was an Elder of Lugonu.
             Mangled by a gargoyle
             ... wielding a cursed +0 morningstar
              (22 damage)
             ... on level 6 of the Dungeon.
             The game lasted 00:26:11 (7141 turns).

Curus the Carver (Minotaur Abyssal Knight)          Turns: 7141, Time: 00:26:12

Health: -11/96     AC: 13    Str: 17    XL:     8   Next: 77%
Magic:  8/13       EV:  6    Int:  9    God:    Lugonu [****..]
Gold:   342        SH:  3    Dex: 12    Spells: 7/7 levels left

rFire    . . .     SeeInvis .   l - +0 long sword
rCold    + . .     Gourm    .   m - +0 buckler
rNeg     . . .     Faith    .   n - +0 chain mail
rPois    .         Spirit   .   (helmet restricted)
rElec    .         Reflect  .   q - +0 cloak
rCorr    .         Harm     .   (no gloves)
MR       .....                  o - +2 pair of boots
Stlth    ..........             (no amulet)
HPRegen  0.26/turn              h - ring of protection from cold
MPRegen  0.13/turn              (no ring)

@: berserking, very quick
A: retaliatory headbutt, horns 2
a: Depart the Abyss, Bend Space, Banish, Corrupt, Renounce Religion


You were on level 6 of the Dungeon.
You worshipped Lugonu.
Lugonu was greatly pleased with you.
You were not hungry.

You visited 1 branch of the dungeon, and saw 6 of its levels.
You visited the Abyss 1 time.
You also visited: Sewer.

You collected 342 gold pieces.

Inventory:

Hand Weapons
 a - a +1 falchion
 l - a +0 long sword (weapon)
Armour
 b - a +0 leather armour
 d - a +1 pair of boots
 k - a +0 ring mail
 m - a +0 buckler (worn)
 n - a +0 chain mail (worn)
 o - a +2 pair of boots (worn)
 q - a +0 cloak (worn)
Jewellery
 h - a ring of protection from cold (left hand)
 u - an uncursed ring of ice
Wands
 f - a wand of flame (36)
Scrolls
 e - 2 scrolls of teleportation
 p - 3 scrolls of identify
Potions
 g - a potion of haste
 i - a potion of stabbing
 j - 4 potions of curing
 r - a potion of flight
Comestibles
 c - 13 rations


   Skills:
 - Level 3.6 Fighting
 * Level 10.0 Long Blades
 - Level 2.4 Armour
 - Level 1.1 Dodging
 + Level 8.0 Invocations


You had 7 spell levels left.
You didn't know any spells.
Your spell library was empty.

Dungeon Overview and Level Annotations

Branches:
Dungeon (6/15)             Temple (0/1) D:5           Sewer (visited)

Altars:
Hepliaklqana
Makhleb
Okawaru
Sif Muna
Uskayaw
Xom
Yredelemnul


Innate Abilities, Weirdness & Mutations

You reflexively headbutt those who attack you in melee.
You have a pair of horns on your head.


Message History

Aim: a gargoyle, wielding a +0 morningstar (chance to defeat MR: 73%)
The gargoyle struggles to resist.
You feel somewhat more hungry. The hound bites you.
The gargoyle hits you with a cursed +0 morningstar!!
* * * LOW HITPOINT WARNING * * *
You block the hound's attack.
A red film seems to cover your vision as you go berserk!
You feel yourself moving faster!
You feel mighty! The hound bites you but does no damage.
The gargoyle hits you with a cursed +0 morningstar.
* * * LOW HITPOINT WARNING * * *
You hit the gargoyle.
You headbutt the gargoyle, but do no damage.
The gargoyle is lightly damaged.
The hound bites you but does no damage.
You hit the gargoyle.
The gargoyle is moderately damaged.
The hound bites you but does no damage.
The gargoyle hits you with a cursed +0 morningstar!!
You die...

##### ... ..
#.... .. #.#
#....###.#...
#....#.....#
.......#.#
###.......#
##.....9...#
......†@...#
.......h...#
..............#
......####..#..
...... .## #
...### . #.. .
#. ..


You could see a gargoyle and a hound.

Vanquished Creatures
  Sigmund (D:3)
  3 ice beasts (D:5)
  An ogre (D:5)
  A big kobold (Sewer)
  4 scorpions
  5 crimson imps
  2 hounds
  2 bullfrog skeletons
  A jelly (D:5)
  4 orc wizards
  4 worker ants
  3 hound skeletons
  Robin (D:2)
  4 gnolls
  10 adders
  3 river rats (Sewer)
  3 oozes
  An adder skeleton (D:4)
  3 worms (D:5)
  3 dart slugs
  4 leopard geckos
  10 orcs
  2 ball pythons (D:2)
  10 bats
  4 giant cockroaches
  10 goblins
  10 hobgoblins
  21 jackals
  11 kobolds
  3 quokkas
  9 frilled lizards
  4 leopard gecko skeletons
  7 rats
164 creatures vanquished.

Vanquished Creatures (others)
  An ogre (D:4)
1 creature vanquished.

Grand Total: 165 creatures vanquished

Notes
Turn   | Place    | Note
-------+----------+-------------------------------------------
     0 | Abyss:1  | Curus the Minotaur Abyssal Knight began the quest for the
                  | Orb.
     0 | Abyss:1  | Reached XP level 1. HP: 19/19 MP: 1/1
    76 | Abyss:1  | Noticed a large abomination
    94 | D:1      | Escaped the Abyss
   177 | D:1      | Reached * piety under Lugonu
   285 | D:1      | Reached skill level 3 in Long Blades
   285 | D:1      | Reached XP level 2. HP: 22/26 MP: 2/2
  1132 | D:2      | Reached XP level 3. HP: 20/31 MP: 2/4
  1257 | D:2      | Noticed Robin
  1267 | D:2      | Reached ** piety under Lugonu
  1272 | D:2      | Killed Robin
  1719 | D:1      | HP: 1/31 [gnoll/+0 spear (2)]
  1719 | D:1      | Reached skill level 4 in Long Blades
  2171 | D:2      | Reached XP level 4. HP: 36/39 MP: 5/5
  2430 | D:2      | Found a shimmering altar of Xom.
  3154 | D:2      | Reached XP level 5. HP: 43/45 MP: 6/6
  3340 | D:3      | Found a hide-covered altar of Uskayaw.
  3513 | D:3      | Reached skill level 5 in Long Blades
  3516 | D:3      | Reached *** piety under Lugonu
  3633 | D:3      | Noticed Sigmund
  3648 | D:3      | Killed Sigmund
  3648 | D:3      | Reached skill level 6 in Long Blades
  3648 | D:3      | Reached XP level 6. HP: 42/51 MP: 8/8
  3805 | D:3      | Found a shimmering blue altar of Sif Muna.
  3981 | D:3      | Found a basalt altar of Yredelemnul.
  4307 | D:4      | Reached skill level 5 in Invocations
  4654 | D:4      | Found a shimmering altar of Xom.
  4677 | D:4      | Reached XP level 7. HP: 56/57 MP: 10/10
  4735 | D:4      | Reached skill level 7 in Long Blades
  5537 | D:4      | Found a hazy altar of Hepliaklqana.
  5605 | D:4      | Found an iron altar of Okawaru.
  5683 | D:5      | Entered Level 5 of the Dungeon
  5683 | D:5      | Found a staircase to the Ecumenical Temple.
  5714 | D:5      | Reached skill level 8 in Long Blades
  5850 | D:5      | Reached XP level 8. HP: 58/64 MP: 12/12
  6029 | D:5      | Found a burning altar of Makhleb.
  6165 | D:5      | Found a glowing drain.
  6180 | D:5      | Reached skill level 9 in Long Blades
  6197 | D:5      | Reached **** piety under Lugonu
  6269 | Sewer    | Entered a sewer
  6433 | Sewer    | Found a white marble altar of Elyvilon.
  6964 | D:5      | Found a shimmering altar of Xom.
  7129 | D:6      | Noticed a gargoyle
  7133 | D:6      | Reached skill level 10 in Long Blades
  7141 | D:6      | Mangled by a gargoyle

Illustrated notes

Levels and vault maps discovered:
D:1:      scummos_arrival_checkerplants, layout_basic, serial_rivers,
          chequers_serial_rivers_small_b, chequers_serial_rivers_micro_c,
          chequers_serial_rivers_room_b, chequers_serial_rivers_micro_a,
          chequers_serial_rivers_micro_d
D:2:      layout_loops_ring, nicolae_overflow_hidden_temple, minmay_bisected,
          uniq_robin
D:3:      layout_basic, tgw_sif, lemuel_round_altar, yredelemnul_altar_generic,
          uniq_sigmund
D:4:      layout_loops_ring, marbit_many_paths, lemuel_crystal_altar,
          roderic_malta_cross, led_xom_imps
D:5:      layout_loops_ring, makhleb_grotto_becter,
          minmay_temple_entry_statues_pillars, first_ration,
          gup_sewer_entry_glass, lemuel_statue_altar
D:6:      layout_rooms, elyvilon_altar_3, corexii_shack

Skill      XL: |  1  2  3  4  5  6  7  8 |
---------------+-------------------------+-----
Invocations    | 2 3 4 5 6 8 |  8.0
Long Blades    | 3 4 6 8 10 | 10.0
Fighting       | |  3.6
Armour         | |  2.4
Dodging        | |  1.1

Action                   |  1- 3 |  4- 6 |  7- 9 || total
-------------------------+-------+-------+-------++-------
Melee: Falchion          |    87 |   128 |       ||   215
       Headbutt          |    11 |    38 |    50 ||    99
       Long sword        |       |    27 |   270 ||   297
Invok: Depart the Abyss  |     1 |       |       ||     1
       Banish            |       |       |     2 ||     2
  Use: Potion            |     3 |     4 |     3 ||    10
       Scroll            |     2 |     4 |     2 ||     8
  Eat: Chunk             |     2 |     7 |     5 ||    14
       Ration            |     1 |       |     1 ||     2
Armor: Leather armour    |    18 |    13 |       ||    31
       Ring mail         |       |    46 |       ||    46
       Chain mail        |       |    15 |   146 ||   161
       Skin              |       |       |     3 ||     3
Dodge: Dodged            |    52 |    91 |    65 ||   208
Block: Buckler           |       |     4 |    29 ||    33
       Rpst.: Falchion   |    14 |    24 |       ||    38
       Long sword        |       |     7 |    21 ||    28
